[ PARTIDA AOE2 · #473261253 ]
UnrankedBohemios vs Japanese
[ ANÁLISIS DE REPETICIÓN · EXTRAÍDO DE LA PARTIDA GRABADA ]
Feudal
12:26
Castillos
16:30
Imperial
—
| APM promedio | 29.8 |
| APM pico | 68 |
| eAPM promedio | 16.1 |
| Aldeanos / militares | 55 / 0 |
Foco
⚔️ 15.4% · 🌾 84.6%
Feudal
12:14
Castillos
15:47
Imperial
—
| APM promedio | 23.7 |
| APM pico | 55 |
| eAPM promedio | 12.6 |
| Aldeanos / militares | 42 / 1 |
Foco
⚔️ 21.6% · 🌾 78.4%
Fishing Ship ×11 · Mangonel ×1
Feudal
12:54
Castillos
18:04
Imperial
—
| APM promedio | 31.2 |
| APM pico | 56 |
| eAPM promedio | 15.2 |
| Aldeanos / militares | 37 / 4 |
Foco
⚔️ 19.1% · 🌾 80.9%
Fishing Ship ×9 · Demolition Raft ×4
Feudal
11:56
Castillos
17:47
Imperial
—
| APM promedio | 17.5 |
| APM pico | 49 |
| eAPM promedio | 11.3 |
| Aldeanos / militares | 59 / 0 |
Foco
⚔️ 15.3% · 🌾 84.7%
Fishing Ship ×4
Feudal
12:25
Castillos
16:20
Imperial
—
| APM promedio | 24.5 |
| APM pico | 45 |
| eAPM promedio | 13.9 |
| Aldeanos / militares | 48 / 0 |
Foco
⚔️ 17.6% · 🌾 82.4%
Fishing Ship ×5
Feudal
17:00
Castillos
—
Imperial
—
| APM promedio | 37.6 |
| APM pico | 62 |
| eAPM promedio | 21.5 |
| Aldeanos / militares | 36 / 0 |
Foco
⚔️ 32.1% · 🌾 67.9%
Fishing Ship ×2
Feudal
11:58
Castillos
16:08
Imperial
—
| APM promedio | 55.3 |
| APM pico | 80 |
| eAPM promedio | 29.6 |
| Aldeanos / militares | 64 / 0 |
Foco
⚔️ 25.4% · 🌾 74.6%
Fishing Ship ×9
Feudal
14:03
Castillos
—
Imperial
—
| APM promedio | 43.1 |
| APM pico | 70 |
| eAPM promedio | 27.2 |
| Aldeanos / militares | 57 / 8 |
Foco
⚔️ 32.5% · 🌾 67.5%
Archer ×4 · Militia ×4
Mapa de la partida
Recursos iniciales + cada clic de construcción. Líneas = muros · curvas = relieve. ◆ oro · ⬟ piedra · ● bayas · ✦ reliquia · ◌ hueco del cierre
Tu base· Abierta — el rival se encerró
Base de Jemilya· ✓ Cerrada en 15:47 · 2t muro · sin puerta
Base de draco· Abierta — el rival se encerró
Base de Fanume· ✓ Cerrada en 17:47 · 51t muro · sin puerta
Base de Tam nsnd· Abierta — el rival se encerró
Base de [TMG] purple· Abierta — el rival se encerró
Base de betterlh· ✓ Cerrada en 16:08 · 1t muro · sin puerta
Base de 默默默默默· ✓ Cerrada en 12:00 · 33t muro · 1 puerta(s)
Terreno inicial suavizado · ◌ = hueco del cierre detectado · pasá el cursor para detalles
Inputs por minuto
— 微笑矮袋鼠 - - Jemilya
Build order — 微笑矮袋鼠
96 acciones detectadas en el replay
| 0:01 | Crear | Villager (Male) |
| 0:01 | Crear | Villager (Male) |
| 0:01 | Crear | Villager (Male) |
| 0:02 | Construir | House |
| 0:04 | Construir | House |
| 0:11 | Crear | Villager (Male) |
| 0:11 | Crear | Villager (Male) |
| 1:25 | Crear | Villager (Male) |
| 1:26 | Crear | Villager (Male) |
| 2:00 | Crear | Villager (Male) |
| 2:01 | Crear | Villager (Male) |
| 2:24 | Crear | Villager (Male) |
| 2:24 | Crear | Villager (Male) |
| 2:29 | Construir | Lumber Camp |
| 2:49 | Crear | Villager (Male) |
| 2:49 | Crear | Villager (Male) |
| 3:08 | Crear | Villager (Male) |
| 3:08 | Crear | Villager (Male) |
| 3:45 | Crear | Villager (Male) |
| 3:45 | Crear | Villager (Male) |
| 3:49 | Construir | House |
| 4:07 | Crear | Villager (Male) |
| 4:07 | Crear | Villager (Male) |
| 4:25 | Construir | Mill |
| 4:34 | Crear | Villager (Male) |
| 4:34 | Crear | Villager (Male) |
| 4:50 | Crear | Villager (Male) |
| 4:51 | Crear | Villager (Male) |
| 5:39 | Crear | Villager (Male) |
| 5:40 | Crear | Villager (Male) |
| 5:45 | Construir | House |
| 5:52 | Crear | Villager (Male) |
| 5:57 | Crear | Villager (Male) |
| 5:57 | Crear | Villager (Male) |
| 6:30 | Construir | House |
| 6:33 | Crear | Villager (Male) |
| 6:34 | Crear | Villager (Male) |
| 6:52 | Investigar | Loom |
| 7:12 | Crear | Villager (Male) |
| 7:12 | Crear | Villager (Male) |
| 7:22 | Construir | Palisade Wall |
| 7:24 | Construir | Palisade Wall |
| 7:36 | Crear | Villager (Male) |
| 7:36 | Crear | Villager (Male) |
| 7:45 | Construir | Farm |
| 7:48 | Construir | Farm |
| 8:25 | Construir | Mill |
| 8:33 | Crear | Villager (Male) |
| 9:03 | Crear | Villager (Male) |
| 9:24 | Construir | Mining Camp |
| 9:50 | Construir | Palisade Wall |
| 9:51 | Crear | Villager (Male) |
| 9:57 | Investigar | Feudal Age |
| 10:30 | Construir | Farm |
| 10:59 | Construir | Palisade Wall |
| 11:05 | Crear | Villager (Male) |
| 11:35 | Construir | Farm |
| 12:02 | Construir | House |
| 12:06 | Construir | House |
| 12:26 | Edad | Edad Feudal |
| 12:29 | Construir | Market |
| 12:32 | Construir | Blacksmith |
| 12:41 | Construir | Stone Wall |
| 12:49 | Construir | Farm |
| 12:54 | Crear | Villager (Male) |
| 13:50 | Investigar | Castle Age |
| 14:29 | Construir | Stone Wall |
| 14:41 | Construir | Farm |
| 14:46 | Construir | Farm |
| 14:56 | Investigar | Double-Bit Axe |
| 14:57 | Investigar | Horse Collar |
| 15:14 | Construir | Stone Wall |
| 16:18 | Crear | Villager (Male) |
| 16:19 | Crear | Villager (Male) |
| 16:30 | Edad | Edad de los Castillos |
| 16:30 | Construir | Farm |
| 16:35 | Construir | Town Center |
| 16:48 | Construir | Town Center |
| 16:58 | Crear | Villager (Male) |
| 17:07 | Crear | Villager (Male) |
| 17:19 | Construir | Farm |
| 17:22 | Crear | Villager (Male) |
| 17:44 | Investigar | Bow Saw |
| 18:09 | Construir | House |
| 18:12 | Crear | Villager (Male) |
| 18:14 | Crear | Villager (Male) |
| 18:23 | Crear | Villager (Male) |
| 18:29 | Crear | Villager (Male) |
| 18:29 | Crear | Villager (Male) |
| 18:45 | Crear | Villager (Male) |
| 18:53 | Crear | Villager (Male) |
| 18:58 | Construir | House |
| 19:05 | Crear | Villager (Male) |
| 19:05 | Crear | Villager (Male) |
| 19:06 | Crear | Villager (Male) |
| 19:07 | Crear | Villager (Male) |
Build order — Jemilya
97 acciones detectadas en el replay
| 0:01 | Crear | Villager (Male) |
| 0:02 | Construir | House |
| 0:04 | Construir | House |
| 0:12 | Crear | Villager (Male) ×3 |
| 1:38 | Crear | Villager (Male) |
| 1:58 | Crear | Villager (Male) |
| 2:18 | Crear | Villager (Male) |
| 2:31 | Construir | Lumber Camp |
| 2:45 | Crear | Villager (Male) |
| 3:10 | Crear | Villager (Male) |
| 3:24 | Construir | House |
| 3:40 | Crear | Villager (Male) |
| 3:51 | Crear | Villager (Male) |
| 4:23 | Construir | Dock |
| 4:24 | Crear | Villager (Male) |
| 4:54 | Crear | Villager (Male) |
| 5:05 | Construir | House |
| 5:06 | Crear | Fishing Ship |
| 5:27 | Crear | Villager (Male) |
| 5:28 | Crear | Villager (Male) |
| 5:28 | Crear | Villager (Male) |
| 5:58 | Crear | Fishing Ship |
| 6:07 | Crear | Villager (Male) |
| 6:36 | Crear | Fishing Ship |
| 6:42 | Construir | Lumber Camp |
| 6:46 | Construir | House |
| 7:00 | Crear | Villager (Male) |
| 7:07 | Crear | Fishing Ship |
| 7:28 | Crear | Villager (Male) |
| 7:43 | Crear | Villager (Male) |
| 7:51 | Construir | Mill |
| 8:07 | Construir | House |
| 8:10 | Crear | Villager (Male) |
| 8:15 | Crear | Fishing Ship |
| 8:25 | Construir | Palisade Wall |
| 8:37 | Crear | Villager (Male) |
| 8:39 | Construir | Palisade Wall |
| 8:51 | Construir | House |
| 8:58 | Crear | Villager (Male) |
| 9:01 | Crear | Fishing Ship |
| 9:15 | Crear | Fishing Ship |
| 9:28 | Construir | Mining Camp |
| 9:39 | Crear | Villager (Male) |
| 10:00 | Investigar | Feudal Age |
| 11:07 | Crear | Fishing Ship |
| 11:28 | Construir | Mill |
| 12:10 | Crear | Villager (Male) |
| 12:11 | Crear | Villager (Male) |
| 12:14 | Edad | Edad Feudal |
| 12:17 | Construir | Market |
| 12:22 | Construir | Blacksmith |
| 13:00 | Construir | Fish Trap |
| 13:01 | Construir | Fish Trap |
| 13:03 | Construir | Fish Trap |
| 13:04 | Construir | Fish Trap |
| 13:06 | Construir | Fish Trap |
| 13:07 | Investigar | Castle Age |
| 13:31 | Construir | Fish Trap |
| 13:33 | Construir | Fish Trap |
| 13:39 | Investigar | Tech 906 |
| 14:03 | Construir | Fish Trap |
| 14:18 | Construir | House |
| 14:54 | Construir | House |
| 15:26 | Crear | Villager (Male) |
| 15:41 | Crear | Villager (Male) |
| 15:47 | Edad | Edad de los Castillos |
| 15:51 | Construir | Town Center |
| 15:53 | Construir | Town Center |
| 15:59 | Investigar | Gillnets |
| 16:01 | Crear | Villager (Male) |
| 16:11 | Investigar | Double-Bit Axe |
| 16:45 | Investigar | Bow Saw |
| 16:46 | Crear | Villager (Male) |
| 17:00 | Construir | Dock |
| 17:14 | Crear | Villager (Male) |
| 17:16 | Crear | Villager (Male) |
| 17:24 | Crear | Villager (Male) |
| 17:26 | Investigar | Wheelbarrow |
| 17:28 | Crear | Fishing Ship |
| 17:33 | Construir | House |
| 17:34 | Construir | House |
| 17:37 | Crear | Villager (Male) |
| 17:43 | Crear | Villager (Male) |
| 17:45 | Crear | Villager (Male) |
| 18:00 | Construir | Siege Workshop |
| 18:09 | Crear | Villager (Male) |
| 18:10 | Crear | Fishing Ship |
| 18:12 | Crear | Villager (Male) |
| 18:20 | Crear | Villager (Male) |
| 18:22 | Construir | Fish Trap |
| 18:25 | Crear | Villager (Male) |
| 18:33 | Crear | Villager (Male) |
| 18:34 | Crear | Fishing Ship |
| 18:46 | Crear | Mangonel |
| 18:49 | Crear | Villager (Male) |
| 18:59 | Construir | Stone Wall |
| 19:01 | Construir | Gate |
Build order — draco
94 acciones detectadas en el replay
| 0:08 | Investigar | Loom |
| 0:12 | Construir | House |
| 0:13 | Construir | House |
| 0:31 | Crear | Villager (Male) |
| 0:32 | Crear | Villager (Male) |
| 0:32 | Crear | Villager (Male) |
| 0:32 | Crear | Villager (Male) |
| 1:15 | Construir | Palisade Wall |
| 1:20 | Construir | Palisade Wall |
| 2:04 | Construir | Palisade Wall |
| 2:07 | Crear | Villager (Male) |
| 2:07 | Crear | Villager (Male) |
| 2:16 | Construir | Palisade Wall |
| 2:48 | Crear | Villager (Male) |
| 3:08 | Construir | Palisade Wall |
| 3:24 | Crear | Villager (Male) |
| 3:25 | Crear | Villager (Male) |
| 4:00 | Construir | Palisade Wall |
| 4:02 | Construir | Palisade Wall |
| 4:26 | Crear | Villager (Male) |
| 4:26 | Crear | Villager (Male) |
| 4:26 | Crear | Villager (Male) |
| 5:01 | Crear | Villager (Male) |
| 5:08 | Construir | House |
| 5:30 | Crear | Villager (Male) |
| 5:30 | Crear | Villager (Male) |
| 5:39 | Construir | Palisade Wall |
| 6:16 | Crear | Villager (Male) |
| 6:21 | Construir | Palisade Wall |
| 6:32 | Construir | Lumber Camp |
| 6:56 | Crear | Villager (Male) |
| 6:57 | Crear | Villager (Male) |
| 6:57 | Crear | Villager (Male) |
| 6:57 | Crear | Villager (Male) |
| 7:01 | Construir | House |
| 7:02 | Crear | Villager (Male) |
| 7:17 | Construir | House |
| 7:20 | Crear | Villager (Male) |
| 7:48 | Crear | Villager (Male) |
| 7:58 | Construir | Palisade Wall |
| 8:04 | Crear | Villager (Male) |
| 8:54 | Construir | Mill |
| 9:22 | Crear | Villager (Male) |
| 9:48 | Construir | Mill |
| 10:14 | Crear | Villager (Male) |
| 10:44 | Investigar | Feudal Age |
| 10:44 | Investigar | Feudal Age |
| 11:08 | Construir | Dock |
| 11:38 | Construir | Farm |
| 11:38 | Construir | Farm |
| 12:03 | Crear | Fishing Ship |
| 12:20 | Crear | Fishing Ship |
| 12:38 | Crear | Villager (Male) |
| 12:53 | Construir | Mining Camp |
| 12:54 | Edad | Edad Feudal |
| 12:58 | Crear | Villager (Male) |
| 13:09 | Crear | Villager (Male) |
| 13:24 | Crear | Villager (Male) |
| 13:54 | Construir | Market |
| 13:56 | Crear | Villager (Male) |
| 14:24 | Crear | Villager (Male) |
| 14:46 | Construir | Blacksmith |
| 14:51 | Crear | Demolition Raft |
| 14:55 | Crear | Fishing Ship |
| 15:21 | Construir | Mining Camp |
| 15:23 | Investigar | Castle Age |
| 15:23 | Investigar | Castle Age |
| 15:25 | Crear | Demolition Raft |
| 15:26 | Crear | Demolition Raft |
| 15:28 | Crear | Fishing Ship |
| 15:39 | Investigar | Double-Bit Axe |
| 15:42 | Construir | House |
| 16:16 | Construir | House |
| 16:21 | Crear | Demolition Raft |
| 16:24 | Crear | Fishing Ship |
| 16:24 | Crear | Fishing Ship |
| 16:33 | Investigar | Horse Collar |
| 16:54 | Construir | House |
| 16:56 | Crear | Villager (Male) |
| 17:17 | Crear | Fishing Ship |
| 17:27 | Construir | House |
| 18:02 | Crear | Villager (Male) |
| 18:04 | Edad | Edad de los Castillos |
| 18:07 | Crear | Fishing Ship |
| 18:07 | Crear | Fishing Ship |
| 18:10 | Construir | Town Center |
| 18:14 | Construir | Town Center |
| 18:22 | Construir | Stone Wall |
| 18:26 | Crear | Villager (Male) |
| 18:35 | Crear | Villager (Male) |
| 18:50 | Construir | Fish Trap |
| 18:53 | Construir | Fish Trap |
| 18:56 | Crear | Villager (Male) |
| 19:04 | Construir | Stone Wall |
Build order — Fanume
109 acciones detectadas en el replay
| 0:01 | Crear | Villager (Male) |
| 0:01 | Crear | Villager (Male) |
| 0:01 | Crear | Villager (Male) |
| 0:01 | Crear | Villager (Male) |
| 0:03 | Construir | House |
| 0:05 | Construir | House |
| 1:44 | Crear | Villager (Male) |
| 1:44 | Crear | Villager (Male) |
| 1:44 | Crear | Villager (Male) |
| 1:44 | Crear | Villager (Male) |
| 2:04 | Crear | Villager (Male) |
| 2:04 | Crear | Villager (Male) |
| 2:04 | Crear | Villager (Male) |
| 2:36 | Crear | Villager (Male) |
| 2:36 | Crear | Villager (Male) |
| 2:36 | Crear | Villager (Male) |
| 2:36 | Crear | Villager (Male) |
| 2:36 | Crear | Villager (Male) |
| 2:54 | Crear | Villager (Male) |
| 2:54 | Crear | Villager (Male) |
| 2:54 | Crear | Villager (Male) |
| 3:10 | Crear | Villager (Male) |
| 3:10 | Crear | Villager (Male) |
| 3:10 | Crear | Villager (Male) |
| 3:10 | Crear | Villager (Male) |
| 3:27 | Construir | House |
| 3:44 | Crear | Villager (Male) |
| 3:44 | Crear | Villager (Male) |
| 3:44 | Crear | Villager (Male) |
| 4:03 | Construir | Lumber Camp |
| 4:05 | Crear | Villager (Male) |
| 4:05 | Crear | Villager (Male) |
| 4:05 | Crear | Villager (Male) |
| 4:18 | Crear | Villager (Male) |
| 4:18 | Crear | Villager (Male) |
| 4:32 | Construir | Mill |
| 4:55 | Crear | Villager (Male) |
| 4:55 | Crear | Villager (Male) |
| 5:25 | Crear | Villager (Male) |
| 5:25 | Crear | Villager (Male) |
| 5:25 | Crear | Villager (Male) |
| 5:25 | Crear | Villager (Male) |
| 5:37 | Construir | Farm |
| 5:56 | Crear | Villager (Male) |
| 5:56 | Crear | Villager (Male) |
| 5:56 | Crear | Villager (Male) |
| 5:56 | Crear | Villager (Male) |
| 5:56 | Crear | Villager (Male) |
| 6:25 | Construir | House |
| 6:26 | Construir | House |
| 6:51 | Crear | Villager (Male) |
| 6:51 | Crear | Villager (Male) |
| 7:09 | Crear | Villager (Male) |
| 7:33 | Construir | Palisade Wall |
| 7:37 | Construir | Palisade Wall |
| 7:42 | Crear | Villager (Male) |
| 7:42 | Crear | Villager (Male) |
| 7:43 | Crear | Villager (Male) |
| 7:57 | Construir | Palisade Wall |
| 8:00 | Construir | Palisade Wall |
| 8:47 | Construir | Dock |
| 9:12 | Investigar | Loom |
| 9:22 | Construir | Outpost |
| 9:32 | Investigar | Feudal Age |
| 10:01 | Crear | Fishing Ship |
| 10:01 | Crear | Fishing Ship |
| 10:07 | Construir | Palisade Wall |
| 10:14 | Crear | Villager (Male) ×5 |
| 11:26 | Construir | Outpost |
| 11:46 | Construir | House |
| 11:52 | Crear | Fishing Ship |
| 11:52 | Crear | Fishing Ship |
| 11:56 | Construir | House |
| 11:56 | Edad | Edad Feudal |
| 12:08 | Construir | Stone Wall |
| 12:11 | Construir | Stone Wall |
| 12:17 | Construir | Stone Wall |
| 12:19 | Construir | Stone Wall |
| 12:21 | Construir | Stone Wall |
| 12:27 | Construir | Stone Wall |
| 12:28 | Construir | Stone Wall |
| 12:52 | Construir | Mining Camp |
| 13:06 | Construir | Market |
| 14:13 | Crear | Villager (Male) |
| 14:13 | Crear | Villager (Male) |
| 14:20 | Construir | Blacksmith |
| 15:07 | Investigar | Castle Age |
| 15:12 | Construir | Lumber Camp |
| 15:15 | Investigar | Double-Bit Axe |
| 15:18 | Investigar | Horse Collar |
| 15:25 | Investigar | Stone Mining |
| 15:45 | Construir | Farm |
| 16:25 | Construir | Farm |
| 16:46 | Construir | House |
| 16:48 | Construir | House |
| 16:49 | Construir | House |
| 16:50 | Construir | House |
| 17:23 | Crear | Villager (Male) |
| 17:23 | Crear | Villager (Male) |
| 17:47 | Edad | Edad de los Castillos |
| 17:48 | Investigar | Wheelbarrow |
| 17:52 | Construir | Town Center |
| 18:16 | Construir | Town Center |
| 18:22 | Construir | Farm |
| 18:23 | Construir | Farm |
| 18:24 | Construir | Farm |
| 18:29 | Investigar | Bow Saw |
| 18:45 | Crear | Villager (Male) |
| 18:45 | Crear | Villager (Male) |
Build order — Tam nsnd
106 acciones detectadas en el replay
| 0:02 | Crear | Villager (Male) |
| 0:03 | Construir | House |
| 0:04 | Construir | House |
| 0:06 | Crear | Villager (Male) ×3 |
| 1:27 | Crear | Villager (Male) |
| 1:28 | Crear | Villager (Male) |
| 1:49 | Crear | Villager (Male) |
| 1:49 | Crear | Villager (Male) |
| 1:50 | Crear | Villager (Male) |
| 2:14 | Construir | Lumber Camp |
| 2:34 | Crear | Villager (Male) |
| 2:35 | Crear | Villager (Male) |
| 2:51 | Crear | Villager (Male) |
| 3:26 | Crear | Villager (Male) |
| 3:26 | Crear | Villager (Male) |
| 3:51 | Crear | Villager (Male) |
| 3:51 | Crear | Villager (Male) |
| 4:23 | Crear | Villager (Male) |
| 4:28 | Construir | House |
| 4:33 | Investigar | Loom |
| 4:33 | Crear | Villager (Male) |
| 4:55 | Crear | Villager (Male) |
| 5:33 | Construir | Mill |
| 5:50 | Crear | Villager (Male) |
| 5:52 | Crear | Villager (Male) |
| 5:53 | Crear | Villager (Male) ×4 |
| 6:53 | Construir | Mill |
| 6:54 | Crear | Villager (Male) |
| 6:56 | Crear | Villager (Male) |
| 6:56 | Crear | Villager (Male) |
| 6:57 | Crear | Villager (Male) |
| 6:59 | Construir | House |
| 7:13 | Construir | House |
| 7:14 | Construir | House |
| 7:15 | Construir | House |
| 7:16 | Construir | House |
| 7:17 | Construir | House |
| 7:56 | Crear | Villager (Male) |
| 8:16 | Construir | Dock |
| 8:59 | Crear | Fishing Ship |
| 9:42 | Crear | Fishing Ship |
| 9:52 | Investigar | Feudal Age |
| 10:00 | Construir | Mining Camp |
| 10:37 | Construir | Palisade Wall |
| 11:21 | Crear | Villager (Male) |
| 11:22 | Crear | Fishing Ship |
| 12:25 | Edad | Edad Feudal |
| 12:28 | Construir | Market |
| 12:37 | Construir | Blacksmith |
| 12:47 | Crear | Villager (Male) |
| 12:53 | Crear | Villager (Male) |
| 13:04 | Construir | Lumber Camp |
| 13:21 | Investigar | Castle Age |
| 13:24 | Crear | Fishing Ship |
| 13:29 | Construir | House |
| 13:31 | Construir | House |
| 13:40 | Investigar | Double-Bit Axe |
| 13:46 | Construir | Farm |
| 13:48 | Construir | Farm |
| 13:49 | Construir | Farm |
| 13:50 | Construir | Farm |
| 14:07 | Construir | Farm |
| 14:12 | Investigar | Horse Collar |
| 14:12 | Investigar | Horse Collar |
| 14:13 | Investigar | Horse Collar |
| 14:21 | Construir | House |
| 14:22 | Construir | Palisade Wall |
| 14:41 | Construir | Farm |
| 15:11 | Construir | House |
| 15:12 | Construir | House |
| 15:12 | Construir | House |
| 15:19 | Construir | House |
| 15:20 | Construir | House |
| 15:22 | Construir | Palisade Wall |
| 15:45 | Construir | Farm |
| 15:47 | Construir | Farm |
| 15:58 | Crear | Villager (Male) |
| 16:15 | Crear | Villager (Male) |
| 16:20 | Edad | Edad de los Castillos |
| 16:23 | Construir | Town Center |
| 16:25 | Investigar | Bow Saw |
| 16:26 | Investigar | Heavy Plow |
| 16:35 | Crear | Villager (Male) |
| 17:12 | Construir | Fish Trap |
| 17:15 | Crear | Villager (Male) |
| 17:23 | Construir | Town Center |
| 17:30 | Crear | Villager (Male) |
| 17:36 | Crear | Villager (Male) |
| 17:54 | Construir | Farm |
| 17:58 | Construir | Fish Trap |
| 18:00 | Investigar | Tech 906 |
| 18:01 | Crear | Villager (Male) |
| 18:07 | Crear | Villager (Male) |
| 18:14 | Crear | Villager (Male) |
| 18:18 | Construir | Farm |
| 18:19 | Crear | Villager (Male) |
| 18:24 | Construir | Fish Trap |
| 18:25 | Crear | Villager (Male) |
| 18:35 | Construir | Farm |
| 18:35 | Construir | Farm |
| 18:35 | Construir | Farm |
| 18:38 | Crear | Villager (Male) |
| 18:39 | Crear | Villager (Male) |
| 18:45 | Crear | Villager (Male) |
| 18:55 | Crear | Villager (Male) |
| 19:02 | Crear | Fishing Ship |
Build order — [TMG] purple
87 acciones detectadas en el replay
| 0:02 | Crear | Villager (Male) |
| 0:02 | Crear | Villager (Male) |
| 0:02 | Crear | Villager (Male) |
| 0:03 | Crear | Villager (Male) |
| 0:03 | Crear | Villager (Male) |
| 0:04 | Construir | House |
| 0:06 | Construir | House |
| 1:04 | Construir | Palisade Wall |
| 1:20 | Investigar | Loom |
| 1:47 | Crear | Villager (Male) |
| 2:45 | Construir | Palisade Wall |
| 3:01 | Crear | Villager (Male) |
| 3:21 | Construir | Palisade Gate |
| 3:38 | Construir | Palisade Wall |
| 3:42 | Construir | Palisade Wall |
| 3:45 | Construir | Palisade Wall |
| 3:56 | Crear | Villager (Male) |
| 4:03 | Construir | Palisade Wall |
| 4:06 | Construir | Palisade Wall |
| 4:55 | Crear | Villager (Male) |
| 5:30 | Construir | House |
| 5:32 | Crear | Villager (Male) |
| 5:45 | Crear | Villager (Male) |
| 5:48 | Construir | Palisade Wall |
| 6:33 | Crear | Villager (Male) |
| 6:33 | Crear | Villager (Male) |
| 6:37 | Construir | Palisade Wall |
| 6:40 | Construir | Palisade Wall |
| 6:42 | Construir | Palisade Wall |
| 6:49 | Construir | Palisade Wall |
| 6:51 | Construir | Palisade Wall |
| 6:56 | Construir | Palisade Wall |
| 7:21 | Crear | Villager (Male) |
| 7:22 | Crear | Villager (Male) |
| 7:29 | Construir | Palisade Wall |
| 7:35 | Construir | House |
| 7:39 | Construir | Palisade Gate |
| 8:14 | Crear | Villager (Male) |
| 8:16 | Crear | Villager (Male) |
| 8:16 | Crear | Villager (Male) |
| 8:57 | Construir | Palisade Wall |
| 8:58 | Construir | Palisade Wall |
| 9:10 | Construir | Palisade Wall |
| 9:25 | Crear | Villager (Male) |
| 9:25 | Crear | Villager (Male) |
| 9:46 | Crear | Villager (Male) |
| 10:02 | Construir | Lumber Camp |
| 10:12 | Construir | House |
| 10:20 | Crear | Villager (Male) |
| 10:35 | Construir | Palisade Wall |
| 10:49 | Crear | Villager (Male) |
| 10:57 | Crear | Villager (Male) |
| 11:18 | Crear | Villager (Male) |
| 11:18 | Crear | Villager (Male) |
| 11:19 | Crear | Villager (Male) |
| 11:23 | Construir | House |
| 11:43 | Crear | Villager (Male) |
| 12:18 | Construir | Palisade Wall |
| 12:24 | Crear | Villager (Male) |
| 12:30 | Construir | Dock |
| 13:02 | Crear | Villager (Male) |
| 13:13 | Construir | Mill |
| 13:17 | Crear | Villager (Male) |
| 13:23 | Construir | Palisade Wall |
| 13:37 | Crear | Fishing Ship |
| 13:59 | Construir | Palisade Wall |
| 14:35 | Construir | Mining Camp |
| 14:41 | Investigar | Feudal Age |
| 14:43 | Crear | Fishing Ship |
| 15:07 | Construir | Palisade Wall |
| 15:25 | Construir | Palisade Wall |
| 16:11 | Construir | House |
| 16:13 | Construir | House |
| 16:24 | Construir | House |
| 16:40 | Construir | House |
| 16:55 | Crear | Villager (Male) |
| 16:57 | Construir | House |
| 17:00 | Edad | Edad Feudal |
| 17:05 | Construir | Watch Tower |
| 17:14 | Crear | Villager (Male) |
| 17:16 | Investigar | Double-Bit Axe |
| 17:17 | Crear | Villager (Male) |
| 17:17 | Crear | Villager (Male) |
| 17:18 | Crear | Villager (Male) |
| 17:40 | Construir | Watch Tower |
| 18:00 | Construir | House |
| 18:07 | Construir | Palisade Wall |
Build order — betterlh
115 acciones detectadas en el replay
| 0:01 | Crear | Villager (Male) |
| 0:01 | Crear | Villager (Male) |
| 0:02 | Crear | Villager (Male) |
| 0:02 | Construir | House |
| 0:03 | Construir | House |
| 0:18 | Crear | Villager (Male) |
| 0:19 | Crear | Villager (Male) |
| 1:32 | Crear | Villager (Male) |
| 1:32 | Crear | Villager (Male) |
| 2:04 | Construir | Lumber Camp |
| 2:13 | Crear | Villager (Male) |
| 2:13 | Crear | Villager (Male) |
| 2:24 | Crear | Villager (Male) |
| 2:25 | Crear | Villager (Male) |
| 2:25 | Crear | Villager (Male) |
| 3:02 | Crear | Villager (Male) |
| 3:02 | Crear | Villager (Male) |
| 3:02 | Crear | Villager (Male) |
| 3:10 | Crear | Villager (Male) |
| 3:40 | Construir | House |
| 3:45 | Crear | Villager (Male) |
| 3:45 | Crear | Villager (Male) |
| 3:46 | Crear | Villager (Male) |
| 3:57 | Crear | Villager (Male) |
| 3:57 | Crear | Villager (Male) |
| 4:21 | Construir | Dock |
| 4:55 | Crear | Villager (Male) |
| 4:55 | Crear | Villager (Male) |
| 4:57 | Crear | Villager (Male) |
| 4:58 | Crear | Villager (Male) |
| 5:14 | Construir | House |
| 5:19 | Crear | Fishing Ship |
| 5:24 | Crear | Villager (Male) |
| 5:25 | Crear | Villager (Male) |
| 5:58 | Crear | Villager (Male) |
| 5:59 | Crear | Villager (Male) |
| 6:11 | Construir | Mill |
| 6:34 | Crear | Villager (Male) |
| 6:39 | Crear | Villager (Male) |
| 6:39 | Crear | Villager (Male) |
| 6:55 | Crear | Fishing Ship |
| 7:01 | Construir | House |
| 7:02 | Construir | Palisade Wall |
| 7:06 | Crear | Villager (Male) |
| 7:06 | Crear | Villager (Male) |
| 7:19 | Construir | House |
| 7:22 | Crear | Villager (Male) |
| 7:22 | Crear | Villager (Male) |
| 7:47 | Crear | Villager (Male) |
| 7:53 | Crear | Fishing Ship |
| 7:55 | Crear | Fishing Ship |
| 8:30 | Crear | Villager (Male) |
| 8:43 | Crear | Villager (Male) |
| 8:44 | Crear | Fishing Ship |
| 8:47 | Construir | Mill |
| 9:09 | Crear | Villager (Male) |
| 9:14 | Crear | Fishing Ship |
| 9:54 | Investigar | Feudal Age |
| 10:17 | Construir | Mining Camp |
| 10:45 | Construir | Lumber Camp |
| 11:33 | Construir | House |
| 11:58 | Edad | Edad Feudal |
| 12:00 | Crear | Villager (Male) |
| 12:02 | Construir | Market |
| 12:05 | Construir | Blacksmith |
| 12:25 | Crear | Villager (Male) |
| 12:27 | Crear | Villager (Male) |
| 12:27 | Crear | Villager (Male) |
| 12:34 | Construir | Fish Trap |
| 12:38 | Crear | Villager (Male) |
| 12:52 | Construir | Fish Trap |
| 13:10 | Investigar | Double-Bit Axe |
| 13:19 | Crear | Villager (Male) |
| 13:30 | Construir | Fish Trap |
| 13:43 | Investigar | Castle Age |
| 13:43 | Investigar | Castle Age |
| 13:50 | Construir | Fish Trap |
| 14:10 | Construir | Fish Trap |
| 14:25 | Crear | Villager (Male) |
| 14:45 | Construir | Fish Trap |
| 16:02 | Construir | Dock |
| 16:08 | Edad | Edad de los Castillos |
| 16:09 | Crear | Fishing Ship |
| 16:15 | Construir | House |
| 16:17 | Crear | Villager (Male) |
| 16:20 | Crear | Villager (Male) |
| 16:27 | Crear | Villager (Male) |
| 16:30 | Construir | Town Center |
| 16:31 | Crear | Villager (Male) |
| 16:42 | Crear | Villager (Male) |
| 16:52 | Construir | Town Center |
| 17:12 | Construir | Fish Trap |
| 17:13 | Crear | Villager (Male) |
| 17:31 | Construir | House |
| 17:37 | Crear | Villager (Male) |
| 17:47 | Construir | Monastery |
| 18:02 | Construir | Monastery |
| 18:06 | Crear | Villager (Male) |
| 18:08 | Crear | Villager (Male) |
| 18:10 | Investigar | Bow Saw |
| 18:10 | Investigar | Bow Saw |
| 18:10 | Investigar | Bow Saw |
| 18:11 | Crear | Villager (Male) |
| 18:11 | Investigar | Wheelbarrow |
| 18:12 | Crear | Villager (Male) |
| 18:16 | Crear | Villager (Male) |
| 18:24 | Crear | Villager (Male) |
| 18:24 | Crear | Villager (Male) |
| 18:30 | Crear | Fishing Ship |
| 18:30 | Crear | Fishing Ship |
| 18:30 | Investigar | Tech 906 |
| 18:30 | Investigar | Tech 906 |
| 18:32 | Crear | Villager (Male) |
| 18:38 | Crear | Villager (Male) |
| 18:39 | Crear | Villager (Male) |
Build order — 默默默默默
120 acciones detectadas en el replay
| 0:00 | Crear | Villager (Male) |
| 0:01 | Crear | Villager (Male) |
| 0:02 | Construir | House |
| 0:04 | Construir | House |
| 0:15 | Investigar | Loom |
| 0:29 | Crear | Villager (Male) |
| 0:30 | Crear | Villager (Male) |
| 0:30 | Crear | Villager (Male) |
| 0:30 | Crear | Villager (Male) |
| 0:30 | Crear | Villager (Male) |
| 1:26 | Construir | Palisade Wall |
| 1:50 | Crear | Villager (Male) |
| 1:51 | Crear | Villager (Male) |
| 2:48 | Crear | Villager (Male) |
| 2:48 | Crear | Villager (Male) |
| 2:48 | Crear | Villager (Male) |
| 3:16 | Crear | Villager (Male) |
| 3:16 | Crear | Villager (Male) |
| 3:46 | Crear | Villager (Male) |
| 3:46 | Crear | Villager (Male) |
| 4:03 | Construir | Palisade Wall |
| 4:23 | Crear | Villager (Male) |
| 4:23 | Crear | Villager (Male) |
| 4:23 | Crear | Villager (Male) |
| 4:54 | Crear | Villager (Male) |
| 4:54 | Crear | Villager (Male) |
| 5:16 | Construir | Palisade Wall |
| 5:34 | Crear | Villager (Male) |
| 5:34 | Crear | Villager (Male) |
| 5:50 | Construir | Palisade Wall |
| 5:58 | Crear | Villager (Male) |
| 5:58 | Crear | Villager (Male) |
| 6:11 | Construir | Palisade Wall |
| 6:18 | Construir | Palisade Wall |
| 6:19 | Construir | Palisade Wall |
| 6:20 | Construir | Palisade Wall |
| 6:25 | Construir | Palisade Wall |
| 6:41 | Crear | Villager (Male) |
| 6:41 | Crear | Villager (Male) |
| 6:50 | Construir | Palisade Wall |
| 6:51 | Construir | Palisade Wall |
| 6:56 | Construir | Palisade Gate |
| 7:17 | Construir | Palisade Wall |
| 7:30 | Crear | Villager (Male) |
| 7:31 | Crear | Villager (Male) |
| 7:35 | Crear | Villager (Male) |
| 7:36 | Crear | Villager (Male) |
| 7:36 | Crear | Villager (Male) |
| 7:38 | Construir | House |
| 7:42 | Crear | Villager (Male) |
| 7:42 | Crear | Villager (Male) |
| 7:58 | Crear | Villager (Male) |
| 7:58 | Crear | Villager (Male) |
| 8:39 | Crear | Villager (Male) |
| 8:40 | Crear | Villager (Male) |
| 9:07 | Crear | Villager (Male) |
| 9:07 | Crear | Villager (Male) |
| 9:08 | Crear | Villager (Male) |
| 9:37 | Crear | Villager (Male) |
| 9:38 | Crear | Villager (Male) |
| 10:06 | Construir | House |
| 10:32 | Crear | Villager (Male) |
| 10:35 | Construir | Lumber Camp |
| 10:52 | Construir | Palisade Wall |
| 10:53 | Construir | Palisade Wall |
| 11:14 | Crear | Villager (Male) |
| 11:26 | Construir | Mining Camp |
| 11:32 | Construir | Palisade Wall |
| 11:42 | Construir | Palisade Wall |
| 11:45 | Construir | Palisade Wall |
| 11:53 | Investigar | Feudal Age |
| 11:53 | Investigar | Feudal Age |
| 12:08 | Construir | Palisade Wall |
| 12:09 | Construir | Palisade Wall |
| 12:09 | Construir | Palisade Wall |
| 12:10 | Construir | Palisade Wall |
| 12:29 | Crear | Villager (Male) |
| 12:29 | Crear | Villager (Male) |
| 13:04 | Construir | Mill |
| 13:17 | Construir | Barracks |
| 13:51 | Construir | Outpost |
| 13:55 | Construir | Outpost |
| 14:00 | Crear | Militia |
| 14:00 | Crear | Militia |
| 14:00 | Crear | Militia |
| 14:03 | Edad | Edad Feudal |
| 14:10 | Construir | Archery Range |
| 14:21 | Construir | Watch Tower |
| 14:32 | Construir | House |
| 14:37 | Investigar | Town Watch |
| 14:38 | Investigar | Double-Bit Axe |
| 14:39 | Investigar | Double-Bit Axe |
| 14:49 | Investigar | Man-at-Arms (upgrade) |
| 15:00 | Crear | Archer |
| 15:01 | Crear | Archer |
| 15:06 | Crear | Archer |
| 15:06 | Crear | Archer |
| 15:14 | Construir | Stone Wall |
| 15:15 | Construir | Stone Wall |
| 15:21 | Construir | Stone Wall |
| 15:22 | Construir | Stone Wall |
| 15:24 | Construir | Stone Wall |
| 15:30 | Crear | Militia |
| 15:40 | Construir | Outpost |
| 15:45 | Crear | Villager (Male) |
| 15:46 | Crear | Villager (Male) |
| 15:52 | Crear | Villager (Male) |
| 15:52 | Crear | Villager (Male) |
| 15:58 | Construir | Mining Camp |
| 16:35 | Investigar | Arson |
| 16:35 | Investigar | Arson |
| 16:40 | Construir | House |
| 17:04 | Crear | Villager (Male) |
| 17:05 | Crear | Villager (Male) |
| 17:09 | Construir | Blacksmith |
| 17:59 | Crear | Villager (Male) |
| 17:59 | Crear | Villager (Male) |
| 18:43 | Crear | Villager (Male) |
| 18:43 | Crear | Villager (Male) |
| 18:48 | Construir | House |
Cronología de la partida
| 1:04 | [TMG] purple · wall_segment Palisade Wall x7 |
| 1:15 | draco · wall_segment Palisade Wall x1 |
| 1:20 | draco · wall_segment Palisade Wall x9 |
| 1:26 | 默默默默默 · wall_segment Palisade Wall x8 |
| 2:04 | draco · wall_segment Palisade Wall x4 |
| 2:16 | draco · wall_segment Palisade Wall x5 |
| 2:45 | [TMG] purple · wall_segment Palisade Wall x7 |
| 3:08 | draco · wall_segment Palisade Wall x1 |
| 3:38 | [TMG] purple · wall_segment Palisade Wall x4 |
| 3:42 | [TMG] purple · wall_segment Palisade Wall x1 |
| 3:45 | [TMG] purple · wall_segment Palisade Wall x1 |
| 4:00 | draco · wall_segment Palisade Wall x5 |
| 4:02 | draco · wall_segment Palisade Wall x5 |
| 4:03 | [TMG] purple · wall_segment Palisade Wall x1 |
| 4:03 | 默默默默默 · wall_segment Palisade Wall x7 |
| 4:06 | [TMG] purple · wall_segment Palisade Wall x3 |
| 4:21 | betterlh · first_building Dock |
| 4:23 | Jemilya · first_building Dock |
| 5:16 | 默默默默默 · wall_segment Palisade Wall x1 |
| 5:39 | draco · wall_segment Palisade Wall x8 |
| 5:48 | [TMG] purple · wall_segment Palisade Wall x1 |
| 5:50 | 默默默默默 · wall_segment Palisade Wall x1 |
| 6:11 | 默默默默默 · wall_segment Palisade Wall x1 |
| 6:18 | 默默默默默 · wall_segment Palisade Wall x1 |
| 6:19 | 默默默默默 · wall_segment Palisade Wall x1 |
| 6:20 | 默默默默默 · wall_segment Palisade Wall x1 |
| 6:21 | draco · wall_segment Palisade Wall x7 |
| 6:25 | 默默默默默 · wall_segment Palisade Wall x1 |
| 6:37 | [TMG] purple · wall_segment Palisade Wall x1 |
| 6:40 | [TMG] purple · wall_segment Palisade Wall x1 |
| 6:42 | [TMG] purple · wall_segment Palisade Wall x1 |
| 6:49 | [TMG] purple · wall_segment Palisade Wall x1 |
| 6:50 | 默默默默默 · wall_segment Palisade Wall x1 |
| 6:51 | [TMG] purple · wall_segment Palisade Wall x1 |
| 6:51 | 默默默默默 · wall_segment Palisade Wall x1 |
| 6:56 | [TMG] purple · wall_segment Palisade Wall x2 |
| 7:02 | betterlh · wall_segment Palisade Wall x1 |
| 7:17 | 默默默默默 · wall_segment Palisade Wall x1 |
| 7:22 | 微笑矮袋鼠 · wall_segment Palisade Wall x3 |
| 7:24 | 微笑矮袋鼠 · wall_segment Palisade Wall x5 |
| 7:29 | [TMG] purple · wall_segment Palisade Wall x1 |
| 7:33 | Fanume · wall_segment Palisade Wall x5 |
| 7:37 | Fanume · wall_segment Palisade Wall x9 |
| 7:57 | Fanume · wall_segment Palisade Wall x8 |
| 7:58 | draco · wall_segment Palisade Wall x5 |
| 8:00 | Fanume · wall_segment Palisade Wall x4 |
| 8:16 | Tam nsnd · first_building Dock |
| 8:25 | Jemilya · wall_segment Palisade Wall x1 |
| 8:39 | Jemilya · wall_segment Palisade Wall x1 |
| 8:47 | Fanume · first_building Dock |
| 8:57 | [TMG] purple · wall_segment Palisade Wall x1 |
| 8:58 | [TMG] purple · wall_segment Palisade Wall x2 |
| 9:10 | [TMG] purple · wall_segment Palisade Wall x7 |
| 9:50 | 微笑矮袋鼠 · wall_segment Palisade Wall x6 |
| 10:07 | Fanume · wall_segment Palisade Wall x6 |
| 10:35 | [TMG] purple · wall_segment Palisade Wall x1 |
| 10:37 | Tam nsnd · wall_segment Palisade Wall x12 |
| 10:52 | 默默默默默 · wall_segment Palisade Wall x1 |
| 10:53 | 默默默默默 · wall_segment Palisade Wall x1 |
| 10:59 | 微笑矮袋鼠 · wall_segment Palisade Wall x6 |
| 11:08 | draco · first_building Dock |
| 11:32 | 默默默默默 · wall_segment Palisade Wall x7 |
| 11:42 | 默默默默默 · wall_segment Palisade Wall x1 |
| 11:45 | 默默默默默 · wall_segment Palisade Wall x1 |
| 11:56 | Fanume · age_up feudal |
| 11:58 | betterlh · age_up feudal |
| 12:08 | Fanume · wall_segment Stone Wall x11 |
| 12:08 | 默默默默默 · wall_segment Palisade Wall x1 |
| 12:09 | 默默默默默 · wall_segment Palisade Wall x1 |
| 12:09 | 默默默默默 · wall_segment Palisade Wall x1 |
| 12:10 | 默默默默默 · wall_segment Palisade Wall x1 |
| 12:11 | Fanume · wall_segment Stone Wall x8 |
| 12:14 | Jemilya · age_up feudal |
| 12:17 | Fanume · wall_segment Stone Wall x8 |
| 12:18 | [TMG] purple · wall_segment Palisade Wall x9 |
| 12:19 | Fanume · wall_segment Stone Wall x3 |
| 12:21 | Fanume · wall_segment Stone Wall x1 |
| 12:25 | Tam nsnd · age_up feudal |
| 12:26 | 微笑矮袋鼠 · age_up feudal |
| 12:27 | Fanume · wall_segment Stone Wall x1 |
| 12:28 | Fanume · wall_segment Stone Wall x1 |
| 12:30 | [TMG] purple · first_building Dock |
| 12:41 | 微笑矮袋鼠 · wall_segment Stone Wall x6 |
| 12:54 | draco · age_up feudal |
| 13:17 | 默默默默默 · first_building Barracks |
| 13:20 | 微笑矮袋鼠 · first_market_sell 100 wood |
| 13:21 | 微笑矮袋鼠 · first_market_buy 100 food |
| 13:23 | [TMG] purple · wall_segment Palisade Wall x11 |
| 13:59 | [TMG] purple · wall_segment Palisade Wall x11 |
| 14:03 | 默默默默默 · age_up feudal |
| 14:10 | 默默默默默 · first_building Archery Range |
| 14:22 | Tam nsnd · wall_segment Palisade Wall x1 |
| 14:29 | 微笑矮袋鼠 · wall_segment Stone Wall x10 |
| 15:04 | Fanume · first_market_sell 100 stone |
| 15:07 | [TMG] purple · wall_segment Palisade Wall x14 |
| 15:14 | 默默默默默 · wall_segment Stone Wall x2 |
| 15:14 | 微笑矮袋鼠 · wall_segment Stone Wall x2 |
| 15:15 | 默默默默默 · wall_segment Stone Wall x1 |
| 15:21 | 默默默默默 · wall_segment Stone Wall x2 |
| 15:22 | Tam nsnd · wall_segment Palisade Wall x1 |
| 15:22 | 默默默默默 · wall_segment Stone Wall x2 |
| 15:24 | 默默默默默 · wall_segment Stone Wall x3 |
| 15:25 | [TMG] purple · wall_segment Palisade Wall x7 |
| 15:47 | Jemilya · age_up castle |
| 16:08 | betterlh · age_up castle |
| 16:20 | Tam nsnd · age_up castle |
| 16:30 | 微笑矮袋鼠 · age_up castle |
| 17:00 | [TMG] purple · age_up feudal |
| 17:05 | betterlh · first_market_buy 100 wood |
| 17:20 | Tam nsnd · first_market_buy 100 wood |
| 17:47 | Fanume · age_up castle |
| 17:47 | betterlh · first_building Monastery |
| 18:00 | Jemilya · first_building Siege Workshop |
| 18:04 | draco · age_up castle |
| 18:07 | [TMG] purple · wall_segment Palisade Wall x1 |
| 18:22 | draco · wall_segment Stone Wall x9 |
| 18:34 | [TMG] purple · resign |
| 18:59 | Jemilya · wall_segment Stone Wall x5 |
| 19:04 | draco · wall_segment Stone Wall x1 |
[ ANÁLISIS IA · 1 CRÉDITO ]
¿Qué pasó realmente en esta partida?
Wolo.gg analiza cada decisión: build order, eco, micro, errores típicos por bracket. Análisis personalizado por WhatsApp o Discord en 30 segundos.
Guía civ
Bohemios
Perfil
tutuhuahua